3566 views
Uploaded 2020-04-14 17:57:51
Game version 1.32.3
9:15 long 4on4 ladder game on (8)TwilightRuins_LV
Saved by BEARAND
3566 views
Uploaded 2020-04-14 17:57:51
Game version 1.32.3
9:15 long 4on4 ladder game on (8)TwilightRuins_LV


70 units @ 4.5k
/ 0k
60 buildings @ 8k
/ 3.4k

| Scroll of Regeneration | 2 | 200 |
| Lesser Clarity Potion | 1 | 70 |
| total: | 3 | 270g |
| Peasant | 23 | 1725 | / | 0 |
| total: | 23 | 1725g | / | 0w |
| Scout Tower | 12 | 360 | / | 240 |
| Guard Tower | 5 | 350 | / | 250 |
| Altar of Kings | 1 | 180 | / | 50 |
| Farm | 4 | 320 | / | 80 |
| Arcane Vault | 2 | 260 | / | 60 |
| Lumber Mill | 1 | 120 | / | 0 |
| Keep | 1 | 320 | / | 210 |
| total: | 20 | 1240g | / | 430w |
| 0:03 | Peasant |
| 0:03 | Peasant |
| 0:03 | Peasant |
| 0:10 | Altar of Kings |
| 0:19 | Farm |
| 0:30 | Peasant |
| 0:45 | Peasant |
| 0:56 | Farm |
| 1:01 | Peasant |
| 1:02 | Peasant |
| 1:10 | Peasant |
| 1:36 | Peasant |
| 1:57 | Peasant |
| 1:58 | Peasant |
| 2:02 | Arcane Vault |
| 2:03 | Arcane Vault |
| 2:10 | Summon Water Elemental |
| 2:16 | Lumber Mill |
| 3:48 | Scroll of Regeneration |
| 3:52 | Scroll of Regeneration |
| 3:53 | Lesser Clarity Potion |
| 4:19 | Brilliance Aura |
| 4:35 | Peasant |
| 4:35 | Peasant |
| 4:35 | Peasant |
| 4:35 | Peasant |
| 4:36 | Peasant |
| 4:49 | Scout Tower |
| 4:49 | Scout Tower |
| 4:54 | Scout Tower |
| 4:54 | Scout Tower |
| 5:22 | Peasant |
| 5:22 | Peasant |
| 5:26 | Guard Tower |
| 5:29 | Guard Tower |
| 5:31 | Scout Tower |
| 5:32 | Scout Tower |
| 5:51 | Scout Tower |
| 5:51 | Scout Tower |
| 5:52 | Scout Tower |
| 5:52 | Scout Tower |
| 6:18 | Peasant |
| 6:21 | Guard Tower |
| 6:54 | Peasant |
| 6:57 | Peasant |
| 6:58 | Peasant |
| 6:58 | Peasant |
| 6:59 | Guard Tower |
| 7:38 | Guard Tower |
| 7:52 | Improved Masonry |
| 7:55 | Keep |
| 8:27 | Summon Water Elemental |
| 8:48 | Farm |
| 8:49 | Farm |
| 8:53 | Scout Tower |
| 8:54 | Scout Tower |
| Right click | 811 |
| Select | 170 |
| Select group | 160 |
| Build/train/purchase | 68 |
| Misc. action | 19 |
| Assign group | 15 |
| Chat | 5 |
| Resource trade | 4 |
| Item give/drop | 3 |
| Use ability | 1 |
| Remove unit | 1 |
| Minimap ping | 1 |
⇛
TIMG4STRok
(9:14) : 
| Staff of Teleportation | 1 | 150 |
| Boots of Speed | 1 | 250 |
| total: | 2 | 400g |
| Wisp | 17 | 1020 | / | 0 |
| total: | 17 | 1020g | / | 0w |
| Ancient Protector | 5 | 675 | / | 400 |
| Altar of Elders | 1 | 180 | / | 50 |
| Moon Well | 3 | 540 | / | 120 |
| Tree of Life | 1 | 340 | / | 185 |
| Hunter's Hall | 1 | 210 | / | 100 |
| Ancient of Wind | 1 | 150 | / | 140 |
| Tree of Ages | 1 | 320 | / | 180 |
| Tree of Eternity | 1 | 330 | / | 200 |
| total: | 12 | 2095g | / | 995w |
| 0:03 | Wisp |
| 0:03 | Wisp |
| 0:07 | Altar of Elders |
| 0:11 | Moon Well |
| 0:20 | Wisp |
| 0:20 | Wisp |
| 0:34 | Wisp |
| 0:34 | Wisp |
| 0:44 | Wisp |
| 0:53 | Wisp |
| 1:08 | Wisp |
| 1:29 | Wisp |
| 1:29 | Wisp |
| 2:17 | Tree of Life |
| 2:22 | Wisp |
| 2:24 | Moon Well |
| 2:25 | Moon Well |
| 2:58 | Hunter's Hall |
| 3:01 | Wisp |
| 3:01 | Wisp |
| 3:25 | Force of Nature |
| 4:32 | Wisp |
| 4:32 | Wisp |
| 4:32 | Wisp |
| 4:34 | Ancient Protector |
| 4:35 | Ancient Protector |
| 4:35 | Ancient Protector |
| 4:36 | Ancient Protector |
| 4:36 | Ancient Protector |
| 4:46 | Thorns Aura |
| 5:11 | Ultravision |
| 5:22 | Tree of Ages |
| 6:13 | Staff of Teleportation |
| 6:13 | Boots of Speed |
| 7:47 | Tree of Eternity |
| 9:09 | Ancient of Wind |
| 9:11 | Strength of the Wild |
| 9:11 | Reinforced Hides |
| Right click | 683 |
| Select group | 138 |
| Select | 110 |
| Build/train/purchase | 29 |
| Minimap ping | 25 |
| Misc. action | 22 |
| Use ability | 15 |
| Resource trade | 8 |
| Assign group | 6 |
| Item give/drop | 1 |
| Esc | 1 |


| Boots of Speed | 1 | 250 |
| Staff of Teleportation | 1 | 150 |
| total: | 2 | 400g |
| Wisp | 17 | 1020 | / | 0 |
| total: | 17 | 1020g | / | 0w |
| Ancient Protector | 10 | 1350 | / | 800 |
| Altar of Elders | 1 | 180 | / | 50 |
| Moon Well | 2 | 360 | / | 80 |
| Ancient of War | 4 | 600 | / | 240 |
| Hunter's Hall | 1 | 210 | / | 100 |
| Tree of Ages | 1 | 320 | / | 180 |
| Tree of Eternity | 1 | 330 | / | 200 |
| total: | 18 | 2700g | / | 1270w |
| 0:01 | Wisp |
| 0:05 | Altar of Elders |
| 0:06 | Wisp |
| 0:18 | Moon Well |
| 0:21 | Wisp |
| 0:43 | Ancient of War |
| 0:45 | Wisp |
| 0:55 | Wisp |
| 1:14 | Wisp |
| 1:29 | Wisp |
| 1:30 | Wisp |
| 1:35 | Ancient of War |
| 1:42 | Wisp |
| 1:58 | Wisp |
| 2:10 | Ancient of War |
| 2:23 | Wisp |
| 2:33 | Wisp |
| 2:33 | Wisp |
| 2:38 | Mana Burn |
| 2:48 | Hunter's Hall |
| 3:22 | Wisp |
| 3:22 | Wisp |
| 3:31 | Ancient of War |
| 3:51 | Ancient Protector |
| 3:54 | Ancient Protector |
| 3:57 | Ancient Protector |
| 4:10 | Wisp |
| 4:10 | Wisp |
| 4:54 | Tree of Ages |
| 4:57 | Moon Well |
| 5:10 | Ancient Protector |
| 5:17 | Ancient Protector |
| 5:27 | Ancient Protector |
| 6:12 | Boots of Speed |
| 6:12 | Staff of Teleportation |
| 7:12 | Ancient Protector |
| 7:13 | Ancient Protector |
| 7:39 | Ancient Protector |
| 7:47 | Tree of Eternity |
| 8:06 | Ancient Protector |
| 8:47 | Entangling Roots |
| Right click | 502 |
| Assign group | 331 |
| Select | 146 |
| Select group | 140 |
| Build/train/purchase | 35 |
| Use ability | 28 |
| Item give/drop | 1 |
| Remove unit | 1 |
| Minimap ping | 1 |


| Wisp | 13 | 780 | / | 0 |
| total: | 13 | 780g | / | 0w |
| Ancient Protector | 1 | 135 | / | 80 |
| Altar of Elders | 1 | 180 | / | 50 |
| Moon Well | 5 | 900 | / | 200 |
| Tree of Life | 1 | 340 | / | 185 |
| Ancient of War | 1 | 150 | / | 60 |
| Hunter's Hall | 1 | 210 | / | 100 |
| Tree of Ages | 1 | 320 | / | 180 |
| Tree of Eternity | 1 | 330 | / | 200 |
| total: | 10 | 1915g | / | 675w |
| 0:01 | Wisp |
| 0:05 | Altar of Elders |
| 0:10 | Wisp |
| 0:17 | Moon Well |
| 0:20 | Wisp |
| 0:34 | Wisp |
| 0:50 | Wisp |
| 1:00 | Wisp |
| 1:10 | Wisp |
| 1:49 | Tree of Life |
| 1:51 | Wisp |
| 1:56 | Wisp |
| 2:08 | Wisp |
| 2:30 | Summon Bear |
| 2:35 | Wisp |
| 3:28 | Wisp |
| 3:28 | Wisp |
| 3:38 | Ancient of War |
| 5:07 | Summon Hawk |
| 5:20 | Tree of Ages |
| 6:50 | Hunter's Hall |
| 7:23 | Moon Well |
| 7:30 | Moon Well |
| 8:21 | Summon Lava Spawn |
| 8:27 | Ancient Protector |
| 8:35 | Tree of Eternity |
| 8:37 | Moon Well |
| 8:37 | Moon Well |
| Right click | 547 |
| Select | 232 |
| Build/train/purchase | 30 |
| Select group | 20 |
| Assign group | 18 |
| Use ability | 6 |
| Resource trade | 5 |
| Minimap ping | 4 |
| Misc. action | 1 |
| Item give/drop | 1 |
65 units @ 8.9k
/ 1k
34 buildings @ 5.2k
/ 1.6k

| Peasant | 12 | 900 | / | 0 |
| Rifleman | 10 | 2050 | / | 300 |
| total: | 22 | 2950g | / | 300w |
| Blacksmith | 1 | 140 | / | 60 |
| Altar of Kings | 1 | 180 | / | 50 |
| Barracks | 1 | 160 | / | 60 |
| Farm | 4 | 320 | / | 80 |
| total: | 7 | 800g | / | 250w |
| 0:04 | Peasant |
| 0:04 | Peasant |
| 0:11 | Blacksmith |
| 0:14 | Altar of Kings |
| 0:24 | Peasant |
| 0:46 | Barracks |
| 0:56 | Peasant |
| 1:11 | Farm |
| 1:16 | Peasant |
| 1:43 | Farm |
| 1:59 | Rifleman |
| 2:23 | Farm |
| 2:44 | Rifleman |
| 2:51 | Summon Water Elemental |
| 3:05 | Farm |
| 3:25 | Rifleman |
| 4:02 | Rifleman |
| 4:02 | Rifleman |
| 4:02 | Rifleman |
| 6:46 | Peasant |
| 6:47 | Peasant |
| 6:47 | Peasant |
| 7:15 | Rifleman |
| 7:15 | Rifleman |
| 7:33 | Peasant |
| 7:33 | Peasant |
| 7:34 | Peasant |
| 7:34 | Peasant |
| 8:30 | Rifleman |
| 8:30 | Rifleman |
| Right click | 256 |
| Select | 175 |
| Build/train/purchase | 41 |
| Use ability | 2 |
| Minimap ping | 1 |

| Healing Salve | 1 | 100 |
| total: | 1 | 100g |
| Acolyte | 2 | 150 | / | 0 |
| Ghoul | 7 | 840 | / | 0 |
| Crypt Fiend | 4 | 860 | / | 160 |
| total: | 13 | 1850g | / | 160w |
| Spirit Tower | 1 | 145 | / | 40 |
| Altar of Darkness | 1 | 180 | / | 50 |
| Crypt | 1 | 200 | / | 50 |
| Ziggurat | 2 | 300 | / | 100 |
| Tomb of Relics | 2 | 260 | / | 60 |
| Graveyard | 2 | 430 | / | 0 |
| Halls of the Dead | 1 | 320 | / | 210 |
| total: | 8 | 1370g | / | 260w |
| 0:25 | Acolyte |
| 0:35 | Altar of Darkness |
| 0:41 | Crypt |
| 0:50 | Ziggurat |
| 0:53 | Acolyte |
| 1:16 | Tomb of Relics |
| 1:25 | Tomb of Relics |
| 1:48 | Graveyard |
| 2:03 | Graveyard |
| 2:10 | Ghoul |
| 2:10 | Ghoul |
| 2:20 | Ziggurat |
| 2:49 | Ghoul |
| 3:41 | Death Coil |
| 3:56 | Crypt Fiend |
| 3:56 | Crypt Fiend |
| 3:56 | Crypt Fiend |
| 4:04 | Spirit Tower |
| 6:07 | Ghoul |
| 6:07 | Ghoul |
| 6:07 | Ghoul |
| 6:07 | Ghoul |
| 7:32 | Halls of the Dead |
| 8:23 | Crypt Fiend |
| 8:49 | Healing Salve |
| Select | 74 |
| Right click | 60 |
| Select group | 34 |
| Misc. action | 28 |
| Build/train/purchase | 22 |
| Resource trade | 18 |
| Minimap ping | 9 |
| Assign group | 7 |
| Use ability | 7 |
| Esc | 5 |

| Lesser Clarity Potion | 2 | 140 |
| Scroll of Speed | 1 | 50 |
| Healing Salve | 2 | 200 |
| Potion of Healing | 2 | 300 |
| Potion of Mana | 1 | 200 |
| total: | 8 | 890g |
| Peon | 10 | 750 | / | 0 |
| Troll Headhunter | 5 | 700 | / | 100 |
| total: | 15 | 1450g | / | 100w |
| Watch Tower | 3 | 330 | / | 240 |
| Orc Burrow | 3 | 480 | / | 120 |
| Altar of Storms | 1 | 180 | / | 50 |
| War Mill | 1 | 205 | / | 0 |
| Barracks | 1 | 180 | / | 50 |
| Voodoo Lounge | 1 | 130 | / | 30 |
| Spirit Lodge | 2 | 300 | / | 300 |
| Stronghold | 1 | 315 | / | 190 |
| Fortress | 1 | 325 | / | 190 |
| total: | 12 | 1805g | / | 790w |
| 0:02 | Peon |
| 0:02 | Peon |
| 0:19 | Orc Burrow |
| 0:33 | Peon |
| 0:34 | Altar of Storms |
| 0:35 | Peon |
| 0:40 | Peon |
| 0:57 | War Mill |
| 0:59 | Peon |
| 1:04 | Peon |
| 1:14 | Peon |
| 1:21 | Peon |
| 1:40 | Orc Burrow |
| 1:57 | Barracks |
| 2:04 | Peon |
| 2:23 | Voodoo Lounge |
| 2:33 | Endurance Aura |
| 3:25 | Troll Headhunter |
| 3:26 | Troll Headhunter |
| 3:41 | Orc Burrow |
| 3:51 | Lesser Clarity Potion |
| 4:09 | Troll Headhunter |
| 4:18 | Stronghold |
| 4:52 | Troll Headhunter |
| 5:03 | Watch Tower |
| 5:06 | Watch Tower |
| 5:10 | Lesser Clarity Potion |
| 5:10 | Scroll of Speed |
| 5:10 | Healing Salve |
| 6:41 | Fortress |
| 6:45 | Spirit Lodge |
| 6:46 | Spirit Lodge |
| 7:27 | Watch Tower |
| 7:33 | War Stomp |
| 7:35 | Potion of Healing |
| 7:40 | Potion of Healing |
| 8:02 | Potion of Mana |
| 8:24 | Healing Salve |
| 8:40 | Shaman Adept Training |
| 8:44 | Troll Headhunter |
| Right click | 208 |
| Select | 202 |
| Select group | 110 |
| Build/train/purchase | 46 |
| Assign group | 18 |
| Use ability | 6 |

| Rod of Necromancy | 2 | 300 |
| Lesser Clarity Potion | 1 | 70 |
| Potion of Healing | 2 | 300 |
| Healing Salve | 1 | 100 |
| total: | 6 | 770g |
| Acolyte | 2 | 150 | / | 0 |
| Ghoul | 3 | 360 | / | 0 |
| Crypt Fiend | 10 | 2150 | / | 400 |
| total: | 15 | 2660g | / | 400w |
| Nerubian Tower | 1 | 100 | / | 20 |
| Spirit Tower | 2 | 290 | / | 80 |
| Graveyard | 1 | 215 | / | 0 |
| Crypt | 1 | 200 | / | 50 |
| Ziggurat | 3 | 450 | / | 150 |
| Altar of Darkness | 1 | 180 | / | 50 |
| Tomb of Relics | 1 | 130 | / | 30 |
| Halls of the Dead | 1 | 320 | / | 210 |
| Black Citadel | 1 | 325 | / | 230 |
| total: | 7 | 1175g | / | 280w |
| 0:02 | Acolyte |
| 0:06 | Graveyard |
| 0:09 | Crypt |
| 0:18 | Acolyte |
| 0:38 | Ziggurat |
| 0:58 | Altar of Darkness |
| 1:12 | Ghoul |
| 1:30 | Crypt Fiend |
| 1:31 | Crypt Fiend |
| 1:46 | Tomb of Relics |
| 2:04 | Ziggurat |
| 2:13 | Nerubian Tower |
| 2:44 | Crypt Fiend |
| 2:59 | Death Coil |
| 3:01 | Rod of Necromancy |
| 3:01 | Rod of Necromancy |
| 3:07 | Spirit Tower |
| 3:27 | Crypt Fiend |
| 3:55 | Ziggurat |
| 4:27 | Crypt Fiend |
| 4:27 | Crypt Fiend |
| 4:27 | Crypt Fiend |
| 5:12 | Halls of the Dead |
| 5:28 | Healing Salve |
| 5:29 | Lesser Clarity Potion |
| 5:52 | Crypt Fiend |
| 5:52 | Crypt Fiend |
| 6:09 | Crypt Fiend |
| 6:34 | Ghoul |
| 6:46 | Spirit Tower |
| 7:06 | Potion of Healing |
| 7:30 | Ghoul |
| 8:00 | Burrow |
| 8:31 | Potion of Healing |
| 8:39 | Black Citadel |
| Right click | 298 |
| Select | 143 |
| Select group | 82 |
| Build/train/purchase | 38 |
| Assign group | 15 |
| Use ability | 10 |
| Minimap ping | 1 |